AoeStats
← Panny-kun

Arena

510515450Analyzed
1v1 RM · 2d ago on Oct 1, 2026· 18m 32s· 2 players
Game mode
Random Map
Map size
Tiny (2 player)
Population
200
Speed
Normal
Resources
Standard
Victory
Conquest
Starting age
Dark Age
Ending age
Imperial Age
RankedLock teamsTeams togetherTeam positionsShared explorationLock speedFull tech treeHidden civsTurbo modeCheats
Victory
Defeat
🇵🇭 Celts · Philippines
1312
+17
🇵🇹 Spanish · Portugal
1339
-17
Panny-kun
10:17 Feudal Age
14:06 Castle Age
12:28 Loom
TriTone
8:24 Loom
10:09 Feudal Age
11:22 Loom
14:10 Castle Age
14:42 Town Watch
Connection lost

Rejoining the realm…

Still unreachable

The connection could not be restored.

Session expired

The server has moved on; the page needs a fresh start.